 Dungeon Crawl Stone Soup version 0.30-a0-629-gd54f4be4f7 (webtiles) character file.

Game seed: 99185584689164202

10863 Dirtsage the Martial Artist (level 11, -1/86 HPs)
             Began as an Octopode Transmuter on Jan 12, 2023.
             Was an Elder of the Shining One.
             Slain by a troll (5 damage)
             ... on level 10 of the Dungeon.
             The game lasted 00:27:34 (9594 turns).

Dirtsage the Martial Artist (Octopode Transmuter)   Turns: 9594, Time: 00:27:34

Health: -1/86      AC:  9    Str: 16    XL:     11   Next: 68%
Magic:  9/15       EV: 12    Int: 20    God:    the Shining One [****..]
Gold:   514        SH:  0    Dex: 12    Spells: 1/14 levels left

rFire   . . .      SeeInvis .      - Unarmed
rCold   + + +      Faith    .    (shield currently unavailable)
rNeg    + + .      Spirit   .    (helmet currently unavailable)
rPois   +          Reflect  .    w - amulet of the acrobat
rElec   .          Harm     .    j - +6 ring of strength
rCorr   .          Rampage  .    F - ring of protection from fire
Will    .....                    W - ring of wizardry
Stlth   +                        (no ring)
HPRegen 0.34/turn                (no ring)
MPRegen 0.14/turn                (no ring)
                                 (no ring)
                                 (no ring)

@: ice-form, wereblooded, glowing
A: freezing attack, boosted hp, almost no armour, amphibious, 8 rings, large,
(camouflage 1), (gelatinous body 1), (nimble swimmer 1), (tentacles)
a: End Transformation, Renounce Religion, Divine Shield, Cleansing Flame


You were on level 10 of the Dungeon.
You worshipped the Shining One.
The Shining One was greatly pleased with you.
You were a creature of crystalline ice.
You visited 2 branches of the dungeon, and saw 11 of its levels.
You also visited: Sewer and Ossuary.

You collected 654 gold pieces.
You spent 140 gold pieces at shops.

Inventory:

Hand Weapons
 x - the +8 long sword "Nudura" (melded) {flame, rPois Stlth+}
   (You found it on level 3 of the Dungeon)

   rPois:     It protects you from poison.
   Stlth:     It makes you more stealthy.
Magical Staves
 o - a staff of cold
Jewellery
 j - a +6 ring of strength (left front paw)
 m - a ring of fire
 w - an amulet of the acrobat (around neck)
 F - a ring of protection from fire (right front paw)
 W - a ring of wizardry (on tentacle)
Wands
 D - a wand of digging (4)
 H - a wand of iceblast (12)
 L - a wand of charming (14)
 P - a wand of mindburst (12)
Scrolls
 c - 3 scrolls of magic mapping {unknown}
 e - 4 scrolls of fog {unknown}
 f - 7 scrolls of teleportation {unknown}
 g - a scroll of fear
 i - 3 scrolls of identify
 n - a scroll of amnesia
 p - a scroll of noise
 s - 3 scrolls of immolation {unknown}
 t - 2 scrolls of butterflies {unknown}
 u - 4 scrolls of enchant weapon {unknown}
 y - 2 scrolls of enchant armour
 C - 2 scrolls of silence
 I - a scroll of poison {unknown}
 J - a scroll of blinking {unknown}
 K - a scroll of vulnerability {unknown}
 M - a scroll of brand weapon {unknown}
 O - a scroll of torment {unknown}
Potions
 a - 5 potions of lignification
 b - 3 potions of mutation
 d - 3 potions of might {unknown}
 h - 2 potions of haste
 k - 3 potions of berserk rage {unknown}
 l - 10 potions of heal wounds
 q - 9 potions of curing
 r - 7 potions of flight
 v - 2 potions of degeneration {unknown}
 z - a potion of attraction {unknown}
 A - 4 potions of invisibility {unknown}
 B - a potion of brilliance {unknown}
 E - a potion of cancellation {unknown}
 G - 4 potions of magic {unknown}
 N - 2 potions of ambrosia {unknown}


   Skills:
 + Level 6.0 Fighting
 + Level 6.2 Dodging
 * Level 9.1 Unarmed Combat
 - Level 2.0 Spellcasting
 - Level 4.0 Translocations
 - Level 8.4 Transmutations
 - Level 8.1 Ice Magic
 + Level 6.5 Invocations


You had one spell level left.
You knew the following spells:

 Your Spells              Type           Power      Damage    Failure   Level
a - Ice Form              Ice/Tmut       35%        N/A       1%          4
b - Wereblood             Tmut           35%        N/A       1%          2
c - Beastly Appendage     Tmut           70%        N/A       1%          1
d - Lesser Beckoning      Tloc           36%        N/A       3%          3
e - Frozen Ramparts       Ice            68%        1d11      1%          3

Your spell library contained the following spells:

 Spells                   Type           Power      Damage    Failure   Level
 Blink                    Tloc           36%        N/A       1%          2
 Ensorcelled Hibernation  Hex/Ice        36%        N/A       1%          2
 Gell's Gravitas          Tloc           18%        N/A       3%          3
 Spider Form              Tmut/Pois      18%        N/A       3%          3
 Teleport Other           Tloc           18%        N/A       3%          3
 Momentum Strike          Conj/Tloc      20%        3d8       4%          2
 Portal Projectile        Hex/Tloc       20%        N/A       9%          3
 Sublimation of Blood     Necr           2%         N/A       10%         2
 Summon Ice Beast         Ice/Summ       18%        N/A       12%         4
 Call Canine Familiar     Summ           2%         N/A       19%         3
 Inner Flame              Hex/Fire       2%         N/A       19%         3
 Anguish                  Hex/Necr       1%         N/A       50%         4
 Flame Wave               Conj/Fire      2%         2d4       50%         4
 Leda's Liquefaction      Hex/Erth       1%         N/A       50%         4
 Sticky Flame             Conj/Fire      2%         2d3       50%         4
 Dispersal                Tloc           9%         N/A       86%         6
 Summon Hydra             Summ           1%         N/A       100%        7


Dungeon Overview and Level Annotations

Branches:
Dungeon (10/15)            Temple (1/1) D:7            Lair (0/5) D:10
  Sewer (visited)         Ossuary (visited)
    Orc: D:9-12

Altars:
Ashenzari
Cheibriados
Dithmenos
Elyvilon
Fedhas
Gozag
Hepliaklqana
Kikubaaqudgha
Makhleb
Nemelex Xobeh
Qazlal
Ru
Sif Muna
Trog
Uskayaw
Vehumet
Wu Jian
Xom
Yredelemnul
Zin
The Shining One

Shops:
D:3 *   D:4 *


Innate Abilities, Weirdness & Mutations

You are a creature of crystalline ice.
You have a powerful freezing melee attack.
Your maximum health is increased.
Your armour is entirely melded.
You are incapable of wielding weapons or throwing items.
You cannot wear most types of armour.
You are amphibious.
You can wear up to eight rings at the same time.
((Your skin changes colour to match your surroundings (Stealth+).))
((Your rubbery body absorbs attacks. (AC +1, EV +1)))
((You are camouflaged when in or above water. (Stealth+)))
((You have tentacles for arms and can constrict up to eight enemies at once.))


Message History

You hit the manticore. You freeze the manticore.
The manticore is moderately wounded.
The wall freezes the manticore but does no damage.
The manticore bites you!!
* * * LOW HITPOINT WARNING * * *
The manticore barely misses you. The manticore claws you.
* * * LOW HITPOINT WARNING * * *
The wall freezes the troll!
You take 19 damage, and have 17/86 hp.
MASSIVE DAMAGE!!
You pummel the manticore!! You freeze the manticore!
The manticore is severely wounded.
You hit the manticore but do no damage.
The manticore is severely wounded.
The wall freezes the troll!
The wall freezes the manticore!
The manticore barely misses you. x2; The manticore claws you!
* * * LOW HITPOINT WARNING * * *
You take 8 damage, and have 9/86 hp.
You pummel the manticore!! You freeze the manticore.
You feel a bit better.
You kill the manticore!
You howl as the wereblood boils in your veins!
The frozen ramparts melt away.
Your Fighting skill increases to level 6!
Your Unarmed Combat skill increases to level 9!
You regained 3 hp, and now have 12/86 hp.
You hit the troll. You freeze the troll.
The troll is heavily wounded.
The troll misses you. The troll claws you.
* * * LOW HITPOINT WARNING * * *
The troll closely misses you.
You take 2 damage, and have 10/86 hp.
You hit the troll but do no damage.
The troll is heavily wounded.
The troll bites you!
* * * LOW HITPOINT WARNING * * *
The troll barely misses you. The troll completely misses you.
You take 6 damage, and have 4/86 hp.
You punch the troll! You freeze the troll.
The troll is almost dead.
The troll bites you.
You die...

#.. . #.. #T #.. #.
#.. ..#.. .# #H..##
#W. #..|# ..# #.#T#
# #####o###.#Y# .
..........#)# .
.......c...)# #
###.........##
............## .
..............## .
.......#.......# .
........#.......#
..................#


You could see a troll.

Vanquished Creatures
  A soul eater (D:9)
  Pikel (D:6)
  2 manticores (D:10)
  A rust devil (D:9)
  2 orange demons (D:9)
  2 trolls (D:10)
  Grinder (D:3)
  A wyvern (D:8)
  A shadow (D:9)
  10 yaks
  3 hogs (D:7)
  A human (D:7)
  3 wraiths
  A steam dragon (D:9)
  A chaos spawn (D:9)
  Menkaure (D:5)
  3 wargs (D:10)
  3 water moccasins
  2 ice beasts
  3 orc warriors
  2 lemures (D:6)
  2 centaurs
  A phantom (D:6)
  2 kobold brigands
  A gnoll sergeant (D:8)
  5 scorpions
  4 bullfrogs
  4 necrophages
  5 wights (D:9)
  16 killer bees
  The ghost of DEFE the Cudgeller, a weakling DsWn (D:3)
  A spectral centaur (D:6)
  A wyvern simulacrum (D:6)
  2 quasits (D:9)
  5 jellies
  7 orc priests
  3 hounds
  A bullfrog skeleton (D:6)
  2 iguanas
  4 orc wizards
  A hound zombie (D:3)
  3 mummies (Ossuary)
  3 gnolls (D:8)
  12 adders
  3 river rats
  3 white imps
  A worm (D:3)
  2 dart slugs
  26 orcs
  11 ball pythons
  6 endoplasms
  4 giant cockroaches
  10 goblins
  7 hobgoblins
  A jackal (Sewer)
  6 quokkas
  13 bats
  A frilled lizard (D:1)
  A giant cockroach zombie (D:3)
  3 goblin zombies (Ossuary)
  2 hobgoblin zombies (Ossuary)
  14 kobolds
  A kobold zombie (Ossuary)
  An orc zombie (Ossuary)
  13 rats
260 creatures vanquished.

Vanquished Creatures (others)
  An orc wizard (D:7)
  10 demonic plants (D:9)
  19 withered plants (D:6)
30 creatures vanquished.

Grand Total: 290 creatures vanquished

Notes
Turn   | Place    | Note
-------+----------+-------------------------------------------
     0 | D:1      | Dirtsage the Octopode Transmuter began the quest for the
                  | Orb.
     0 | D:1      | Reached XP level 1. HP: 13/13 MP: 3/3
   174 | D:1      | Reached skill level 1 in Ice Magic
   174 | D:1      | Reached XP level 2. HP: 6/18 MP: 3/5
   597 | D:1      | Reached XP level 3. HP: 19/23 MP: 6/6
   802 | D:1      | Learned a level 2 spell: Wereblood
  1155 | D:2      | Reached XP level 4. HP: 10/28 MP: 4/7
  1674 | D:2      | Found a shadowy altar of Dithmenos.
  1755 | D:3      | Identified the +8 long sword "Nudura" {flame, rPois Stlth+}
  1900 | D:3      | Reached XP level 5. HP: 16/33 MP: 6/8
  2220 | D:3      | Found a glowing drain.
  2224 | Sewer    | Entered a sewer
  2305 | Sewer    | Noticed a kobold brigand
  2332 | Sewer    | Killed a kobold brigand
  2333 | Sewer    | Reached XP level 6. HP: 38/38 MP: 6/9
  2397 | Sewer    | Found a white marble altar of Elyvilon.
  2502 | Sewer    | Became a worshipper of Elyvilon the Healer
  2611 | D:3      | Noticed Grinder
  2618 | D:3      | Learned a level 4 spell: Ice Form
  2631 | D:3      | Killed Grinder
  2632 | D:3      | Reached skill level 5 in Transmutations
  2632 | D:3      | Reached XP level 7. HP: 26/43 MP: 6/10
  2726 | D:3      | Found a large runed translucent door.
  2727 | D:3      | Found a large runed translucent door.
  2860 | D:3      | Found Ahaig's General Store.
  2868 | D:3      | Bought a potion of heal wounds for 70 gold pieces
  2868 | D:3      | Bought a scroll of identify for 28 gold pieces
  2868 | D:3      | Bought a potion of curing for 42 gold pieces
  2982 | D:3      | Found a runed translucent gate.
  2982 | D:3      | Found a runed translucent gate.
  2982 | D:3      | Found a runed translucent gate.
  2982 | D:3      | Noticed DEFE's ghost (weakling DsWn)
  2985 | D:3      | Found a basalt altar of Yredelemnul.
  3003 | D:3      | Killed DEFE's ghost
  3004 | D:3      | Reached skill level 5 in Ice Magic
  3287 | D:3      | Found a hide-covered altar of Uskayaw.
  3295 | D:3      | Found a white marble altar of Elyvilon.
  3349 | D:4      | Reached * piety under Elyvilon
  3434 | D:4      | Found an ancient bone altar of Kikubaaqudgha.
  3863 | D:4      | Found Cegrim's Serpentskin Sales.
  4087 | D:4      | Reached ** piety under Elyvilon
  4193 | D:5      | Entered Level 5 of the Dungeon
  4198 | D:5      | Reached XP level 8. HP: 34/48 MP: 11/11
  4299 | D:5      | Noticed Menkaure
  4306 | D:5      | Killed Menkaure
  4672 | D:6      | Noticed Pikel
  4692 | D:6      | Killed Pikel
  4693 | D:6      | Reached XP level 9. HP: 52/53 MP: 7/12
  5204 | D:6      | Reached *** piety under Elyvilon
  5293 | D:6      | Reached skill level 4 in Unarmed Combat
  5439 | D:6      | Found the +4 dagger "Morg" {pain, Will+ Int+5}
  5653 | D:7      | Reached skill level 5 in Unarmed Combat
  5864 | D:7      | Reached XP level 10. HP: 58/63 MP: 8/13
  5865 | D:7      | Reached skill level 6 in Unarmed Combat
  5888 | D:7      | Found a snail-covered altar of Cheibriados.
  5946 | D:7      | Found a staircase to the Ecumenical Temple.
  6032 | Temple   | Entered the Ecumenical Temple
  6045 | Temple   | Fell from the grace of Elyvilon
  6045 | Temple   | Became a worshipper of the Shining One
  6045 | Temple   | Reached * piety under the Shining One
  6086 | D:7      | Learned a level 3 spell: Lesser Beckoning
  6381 | D:7      | Reached skill level 1 in Invocations
  6386 | D:7      | Reached skill level 1 in Translocations
  6698 | D:8      | Reached skill level 7 in Unarmed Combat
  6907 | D:8      | Reached ** piety under the Shining One
  6973 | D:8      | Found a sand-covered staircase.
  6982 | Ossuary  | Entered an ossuary
  7298 | Ossuary  | Reached skill level 5 in Dodging
  7435 | D:8      | Found a stormy altar of Qazlal.
  7585 | D:8      | Reached *** piety under the Shining One
  7970 | D:8      | Found a broken altar of Ashenzari.
  8137 | D:8      | Found a shimmering altar of Xom.
  8549 | D:9      | Reached skill level 5 in Fighting
  8551 | D:9      | Reached XP level 11. HP: 66/71 MP: 5/14
  8629 | D:9      | Reached skill level 8 in Unarmed Combat
  8629 | D:9      | Reached skill level 5 in Invocations
  8652 | D:9      | Learned a level 3 spell: Frozen Ramparts
  8843 | D:9      | Reached **** piety under the Shining One
  8981 | D:9      | Noticed a soul eater
  8996 | D:9      | Killed a soul eater
  9268 | D:10     | Entered Level 10 of the Dungeon
  9273 | D:10     | Found a staircase to the Lair.
  9578 | D:10     | Noticed a manticore
  9579 | D:10     | Noticed a manticore
  9586 | D:10     | Killed a manticore
  9591 | D:10     | Killed a manticore
  9592 | D:10     | Reached skill level 9 in Unarmed Combat
  9593 | D:10     | HP: 4/86 [troll (7)]
  9594 | D:10     | Slain by a troll

Illustrated notes

Levels and vault maps discovered:
D:1:      lemuel_arrival_river_bridge, layout_loops_ring,
          minmay_misc_feat_columns
D:2:      layout_basic, basic_altar
D:3:      layout_basic, jmf_multi_god_temple2, nicolae_yredelemnul_ghost_church,
          serial_corexii_hall, corexii_hall_statues_s, corexii_hall_statues_i,
          gup_sewer_entry_spiral, serial_shops, nicolae_diamond_shop,
          kennysheep_path_1, uniq_grinder
D:4:      layout_basic, lemuel_doored_altar, grunt_ministairs_2,
          guppyfry_shop_venom
D:5:      layout_gridville, grunt_ministairs_14, uniq_menkaure
D:6:      layout_gridville, dilly_guarded_unrand_morg, uniq_pikel
D:7:      layout_basic, amcnicky_altar_gilded,
          minmay_temple_entry_statues_pillars, chequers_serial_rivers_small_3,
          minmay_misc_feat_diagonals, grunt_livestock
D:8:      layout_basic, kennysheep_mini_moat, xom_teletrap_fun,
          grunt_qazlal_clouds, enter_ossuary_1
D:9:      layout_roguey, serial_demonic, serial_demonic_g, serial_demonic_b,
          serial_demonic_a, serial_demonic_d, serial_demonic_c, serial_demonic_c
D:10:     minmay_the_grid_square_5x5_3x3
          [minmay_the_grid_square_5x5_eight_small,
          minmay_the_grid_square_5x5_inner_i,
          minmay_the_grid_square_5x5_tetrominoes,
          minmay_the_grid_square_5x5_inner_z,
          minmay_the_grid_square_5x5_megaprize_open,
          minmay_the_grid_square_5x5_two_small,
          minmay_the_grid_square_5x5_fat_x, minmay_the_grid_square_5x5_detours,
          minmay_the_grid_square_5x5_six], layout_basic,
          erik_lair_orcish_takeover, ebering_ghost_gozag
Temple:   nicolae_temple_ecumenical_triangle

Skill      XL: |  1  2  3  4  5  6  7  8  9 10 11 |
---------------+----------------------------------+-----
Ice Magic      | 1 2 3 4 6 8 |  8.1
Transmutations | 3 4 5 6 8 |  8.4
Fighting       | 3 5 6 |  6.0
Unarmed Combat | 5 7 9 |  9.1
Dodging        | 4 5 6 |  6.2
Invocations    | 4 6 |  6.5
Translocations | 3 4 |  4.0
Spellcasting   | |  2.0

Action                   |  1- 3 |  4- 6 |  7- 9 | 10-12 || total
-------------------------+-------+-------+-------+-------++-------
Melee: Unarmed           |    84 |    99 |   132 |   242 ||   557
       Kick              |    10 |    24 |     8 |       ||    42
       Constrict         |    17 |    24 |    20 |       ||    61
       Tentacles         |    17 |    13 |    20 |       ||    50
       Punch             |     2 |     1 |     3 |       ||     6
       Long sword        |       |       |    72 |       ||    72
 Cast: Beastly Appendage |     9 |    20 |     5 |       ||    34
       Wereblood         |       |     3 |     6 |    10 ||    19
       Ice Form          |       |     1 |    16 |    27 ||    44
       Frozen Ramparts   |       |       |       |    10 ||    10
Invok: Divine Shield     |       |       |       |     1 ||     1
  Use: Scroll            |       |     3 |       |     4 ||     7
 Stab: Sleeping          |     8 |     5 |     7 |       ||    20
Armor: Skin              |     9 |     9 |    40 |    55 ||   113
Dodge: Dodged            |    55 |    47 |   110 |   121 ||   333
Block: Other             |       |       |       |     3 ||     3

Table legend: (Time is in decaauts)
 A = Elapsed time spent in this place.
 B = Non-inter-level travel time spent in this place.
 C = Inter-level travel time spent in this place.
 D = Time resting spent in this place.
 E = Time spent auto-exploring this place.
 F = Levels seen in this place.
 G = Mean time per level.
                   A        B        C        D        E       F      G
               +--------+--------+--------+--------+--------+-----+--------+
         Total |   9581 |   9380 |    201 |     81 |   7389 |  13 |  737.0 |
       Dungeon |   8815 |   8625 |    190 |     77 |   7016 |  10 |  881.5 |
        Temple |     28 |     17 |     11 |      0 |      5 |   1 |   28.0 |
         Sewer |    304 |    304 |      0 |      4 |    156 |   1 |  304.0 |
       Ossuary |    432 |    432 |      0 |      0 |    212 |   1 |  432.0 |
               +--------+--------+--------+--------+--------+-----+--------+

Top non-repeatable levels by time:
     D:3: 1292 daAuts
     D:9: 1078 daAuts
     D:8: 1053 daAuts
     D:7: 1050 daAuts
     D:6: 951 daAuts
     D:2: 935 daAuts
     D:4: 859 daAuts
     D:1: 800 daAuts
     D:5: 470 daAuts
 Ossuary: 432 daAuts
    D:10: 322 daAuts
   Sewer: 304 daAuts
  Temple: 28 daAuts
